 Dungeon Crawl Stone Soup version 0.26-a0-466-g989023bd0d (webtiles) character file.

Game seed: 2808121548674597734

17 Apogee the Shield-Bearer (level 2, 0/27 HPs)
             Began as a Deep Dwarf Fighter on Aug 1, 2020.
             Killed by divine providence
             ... invoked by an orc priest
              (13 damage)
             ... on level 4 of the Dungeon.
             The game lasted 00:00:42 (315 turns).

Apogee the Shield-Bearer (Deep Dwarf Fighter)        Turns: 315, Time: 00:00:42

Health: 0/27       AC:  6    Str: 19    XL:     2   Next: 44%
Magic:  2/2        EV:  7    Int:  8    God:
Gold:   69         SH:  9    Dex: 12    Spells: 1/1 levels left

rFire    . . .     SeeInvis .   a - +0 war axe
rCold    . . .     Faith    .   c - +0 kite shield
rNeg     . . .     Spirit   .   b - +0 scale mail
rPois    .         Reflect  .   (no helmet)
rElec    .         Harm     .   (no cloak)
rCorr    .                      (no gloves)
MR       .....                  (no boots)
Stlth    ..........             (no amulet)
HPRegen  0.00/turn              (no ring)
MPRegen  0.08/turn              (no ring)

@: non-regenerating
A: damage resistance, heal wounds, sense surroundings 1, no regeneration
a: Heal Wounds


You were on level 4 of the Dungeon.
You visited 1 branch of the dungeon, and saw 4 of its levels.

You collected 69 gold pieces.

Inventory:

Hand Weapons
 a - a +0 war axe (weapon)
Armour
 b - a +0 scale mail (worn)
 c - a +0 kite shield (worn)
Scrolls
 e - a scroll of blinking {unknown}
 i - a scroll of identify {unknown}
Potions
 d - a potion of might
 f - 2 potions of degeneration {unknown}
 g - a potion of brilliance {unknown}
 h - a potion of curing {unknown}


   Skills:
 + Level 2.8 Fighting
 * Level 2.7 Axes
 + Level 3.5 Armour
 + Level 3.5 Shields


You had one spell level left.
You didn't know any spells.
Your spell library was empty.

Dungeon Overview and Level Annotations

Branches:
Dungeon (4/15)
 Temple: D:4-7

Altars:


Innate Abilities, Weirdness & Mutations

You are resistant to damage.
You can heal yourself by infusing magical energy.
You passively map a small area around you.
You do not regenerate.


Message History

You climb downwards.
An orc wizard comes into view. It is wielding a +0 dagger.
The orc wizard shouts!
Found a stone staircase leading down.
There is a stone staircase leading up here.
An orc comes into view. It is wielding a +0 mace.
The orc shouts!
You hear a shout!
An orc priest comes into view. It is wielding a +0 club.
An orc wizard comes into view. It is wielding a +0 dagger.
Found a scroll labeled QUYSCH LECE.
The orc wizard shouts!
An orc comes into view. It is wielding a +0 war axe.
A hound comes into view.
Found 13 gold pieces.
The hound barks!
You hit the orc but do no damage. The orc barely misses you.
You closely miss the orc wizard. You hit the orc.
The orc wizard barely misses you. You block the orc's attack.
The orc priest hits you but does no damage.
Your shield and scale mail prevent you from hitting the orc priest.
You hit the orc wizard but do no damage.
You closely miss the orc wizard. You slash the orc!
You kill the orc!
The orc wizard casts a spell at you. You resist with some effort.
The orc wizard casts a spell.
The orc wizard seems to speed up.
The hound bites you but does no damage.
The orc priest calls down the wrath of Beogh upon you.
Beogh smites you!
The orc wizard hits you but does no damage. x2
You slash the orc priest! You hit the hound.
You hit the orc wizard but do no damage.
You closely miss the orc wizard. The hound closely misses you.
You block the orc wizard's attack.
The orc priest miscasts a cantrip.
You block the hound's attack. You block the orc wizard's attack.
The orc wizard hits you with a +0 dagger.
Unknown command.
You barely miss the orc priest. You barely miss the hound.
You hit the orc wizard but do no damage.
You slash the orc wizard! The hound bites you but does no damage.
You block the orc wizard's attack.
The orc priest looks satisfied for a moment.
You block the orc wizard's attack. The hound bites you but does no damage.
The orc wizard casts a spell at you. The magic dart hits you.
* * * LOW HITPOINT WARNING * * *
The orc priest invokes the aid of Beogh against you.
Beogh smites you!
You die...

#..... . * ,*,
##. #....##.# *
.. ......... * ,
#.###....#..# .
#...........# , ,
, , ...,#..
#<...# *
#...#..##....#.#*
,
...........>.....
,
......h@...##....
, , *
#...#.ooo......#.
,, , ,
.......o...##..#
...?.......#* .#
, , ............#
. , *
....#...#...# * ,
............., ,
, ,
$............. ,
* , ,


You could see a hound, an orc priest, 2 orc wizards and an orc.

Vanquished Creatures
  A worm (D:2)
  A leopard gecko (D:1)
  An orc (D:4)
  A giant cockroach (D:1)
  3 goblins
  A bat (D:1)
  2 frilled lizards
  A kobold (D:1)
  2 rats (D:1)
13 creatures vanquished.

Notes
Turn   | Place    | Note
-------+----------+-------------------------------------------
     0 | D:1      | Apogee the Deep Dwarf Fighter began the quest for the Orb.
     0 | D:1      | Reached XP level 1. HP: 20/20 MP: 1/1
   136 | D:1      | Reached XP level 2. HP: 27/27 MP: 2/2
   315 | D:4      | Killed from afar by an orc priest

Illustrated notes

Levels and vault maps discovered:
D:1:      nagdon_arrival_double_spiral, layout_rooms
D:2:      layout_loops_ring, chequers_serial_rivers_room_a, trog_book,
          uniq_terence
D:3:      layout_basic, uniq_grinder, uniq_jessica, uniq_ijyb
D:4:      layout_basic, serial_shops, shop, grunt_gozag_breadcrumbs,
          uniq_blork_the_orc

Action                   || total
-------------------------++-------
Melee: War axe           ||    35
Armor: Scale mail        ||    26
Dodge: Dodged            ||    18
Block: Kite shield       ||    27

Table legend: (Time is in decaauts)
 A = Elapsed time spent in this place.
 B = Non-inter-level travel time spent in this place.
 C = Inter-level travel time spent in this place.
 D = Time resting spent in this place.
 E = Time spent auto-exploring this place.
 F = Levels seen in this place.
 G = Mean time per level.
                   A        B        C        D        E       F      G
               +--------+--------+--------+--------+--------+-----+--------+
         Total |    330 |    313 |     17 |      0 |    208 |   4 |   82.5 |
       Dungeon |    330 |    313 |     17 |      0 |    208 |   4 |   82.5 |
               +--------+--------+--------+--------+--------+-----+--------+

Top non-repeatable levels by time:
     D:1: 251 daAuts
     D:2: 64 daAuts
     D:4: 9 daAuts
     D:3: 4 daAuts
